 Dungeon Crawl Stone Soup version 0.26-a0-667-g92642533e4 (webtiles) character file.

Game seed: 9354940539960899198

1427 somkeydreadnuts the Fighter (level 8, -4/92 HPs)
             Began as an Ogre Berserker on Oct 18, 2020.
             Was a Priest of Trog.
             Slain by a gnoll
             ... wielding a +2 spear of venom
              (8 damage)
             ... on level 4 of the Dungeon.
             The game lasted 00:14:29 (3856 turns).

somkeydreadnuts the Fighter (Ogre Berserker)        Turns: 3856, Time: 00:14:29

Health: -4/92      AC:  3    Str: 24    XL:     8   Next: 72%
Magic:  8/8        EV: 12    Int:  8    God:    Trog [***...]
Gold:   204        SH:  0    Dex:  8    Spells: 7/7 levels left

rFire    . . .     SeeInvis .   u - +0 scythe (venom)
rCold    . . .     Faith    .   (shield currently unavailable)
rNeg     + . .     Spirit   .   b - +0 animal skin
rPois    .         Reflect  .   (helmet restricted)
rElec    .         Harm     .   (no cloak)
rCorr    .         Rampage  .   (gloves unavailable)
MR       ++...                  (boots unavailable)
Stlth    +.........             m - amulet of regeneration
HPRegen  1.65/turn              c - +4 ring of slaying
MPRegen  0.11/turn              n - ring of positive energy

@: regenerating
A: large, unfitting armour, tough skin 1
a: Berserk, Trog's Hand, Renounce Religion


You were on level 4 of the Dungeon.
You worshipped Trog.
Trog was most pleased with you.
You visited 1 branch of the dungeon, and saw 5 of its levels.

You collected 204 gold pieces.

Inventory:

Hand Weapons
 a - a +0 hand axe
 e - a +2 short sword of protection
 u - a +0 scythe of venom (weapon)
 v - a +0 battleaxe
Armour
 b - a +0 animal skin (worn)
Jewellery
 c - a +4 ring of slaying (left hand)
 m - an amulet of regeneration (around neck)
 n - a ring of positive energy (right hand)
 o - an uncursed ring of fire
Wands
 p - a wand of digging (7)
 t - a wand of paralysis (9)
 x - a wand of acid (8)
Scrolls
 d - 3 scrolls of remove curse
 i - a scroll of amnesia {unknown}
 l - 2 scrolls of identify
 q - a scroll of magic mapping {unknown}
 s - a scroll of enchant weapon {unknown}
 y - a scroll of noise {unknown}
 z - a scroll of enchant armour {unknown}
Potions
 f - 3 potions of heal wounds {unknown}
 g - a potion of cancellation {unknown}
 h - 3 potions of curing {unknown}
 j - a potion of haste {unknown}
 k - a potion of degeneration {unknown}
 r - a potion of invisibility {unknown}
 w - a potion of lignification {unknown}


   Skills:
 + Level 9.5 Fighting
 - Level 0.8 Short Blades
 + Level 3.8(4.0) Axes
 + Level 1.7(3.0) Polearms
 + Level 7.2 Dodging


You had 7 spell levels left.
You didn't know any spells.
Your spell library was empty.

Dungeon Overview and Level Annotations

Branches:
Dungeon (5/15)
 Temple: D:4-7

Altars:
Ashenzari
Gozag
Ru
Sif Muna
Trog
Yredelemnul

Shops:
D:4 :}   D:5 ?


Innate Abilities, Weirdness & Mutations

You are too large for most types of armour.
You have tough skin. (AC +1)


Message History

A gnoll comes into view. It is wielding a +2 spear of venom.
The gnoll hits you but does no damage. The iguana bites you!
The iguana bites you.
The gnoll shouts!
You slash the iguana!
You kill the iguana!
Trog accepts your kill.
The gnoll hits you from afar with a +0 spear!
* * * LOW HITPOINT WARNING * * *
The gnoll closely misses you. The gnoll hits you with a +0 spear.
* * * LOW HITPOINT WARNING * * *
You see here an iguana corpse.
The gnoll hits you with a +2 spear of venom!
* * * LOW HITPOINT WARNING * * *
The gnoll hits you with a +0 spear.
* * * LOW HITPOINT WARNING * * *
Your skin crawls.
You feel resistant to hostile enchantments.
The gnoll hits you with a +2 spear of venom!
You die...

##.#.#.#.#....# .....
..............# .....
###...#..###### .#.
###.##...#### #... .
#####...##....### ..##..
...##.#.........##.....#
##......................
######.......#.#......#
#.........g@g......
#.......#..g....... #
#.......#........## #. #
######.........#...#..##.
##.####
#.......#####..#.###
..#.##......
..##...####......#
...........
####.#####...#.###
........... #.#
##.....(## .......... ..#
#........# ..........


You could see 3 gnolls.

Vanquished Creatures
  Sigmund (D:5)
  Eustachio (D:5)
  A water moccasin (D:5)
  Purgy (D:4)
  A sky beast (D:5)
  2 ice beasts (D:5)
  A centaur (D:5)
  A howler monkey (D:5)
  A centaur zombie (D:5)
  A hound (D:4)
  4 orc wizards
  An orc priest (D:4)
  A bullfrog skeleton (D:5)
  Ijyb (D:5)
  An iguana (D:4)
  A worker ant (D:5)
  9 adders
  A shadow imp (D:5)
  An ufetubus (D:5)
  2 oozes
  2 adder skeletons
  6 worms
  2 dart slugs
  3 leopard geckos
  13 orcs
  A ball python (D:3)
  5 bats
  5 giant cockroaches
  8 goblins
  4 hobgoblins
  3 jackals (D:3)
  2 quokkas
  3 frilled lizards
  A jackal zombie (D:5)
  14 kobolds
  A quokka skeleton (D:4)
  13 rats
119 creatures vanquished.

Notes
Turn   | Place    | Note
-------+----------+-------------------------------------------
     0 | D:1      | somkeydreadnuts the Ogre Berserker began the quest for the
                  | Orb.
     0 | D:1      | Reached XP level 1. HP: 24/24 MP: 1/1
   184 | D:1      | Reached XP level 2. HP: 32/32 MP: 2/2
   902 | D:2      | Reached XP level 3. HP: 33/40 MP: 3/3
  1101 | D:2      | Reached ** piety under Trog
  1411 | D:2      | Found a sacrificial altar of Ru.
  1444 | D:2      | Reached XP level 4. HP: 48/49 MP: 4/4
  1573 | D:2      | Found a shimmering blue altar of Sif Muna.
  1573 | D:2      | Found a basalt altar of Yredelemnul.
  1716 | D:2      | Noticed a moth of wrath
  1719 | D:2      | Found a bloodstained altar of Trog.
  1904 | D:3      | Reached skill level 5 in Fighting
  2235 | D:3      | Reached XP level 5. HP: 57/57 MP: 5/5
  2541 | D:3      | Found an opulent altar of Gozag.
  2542 | D:3      | You fall into a shaft and drop 2 floors!
  2542 | D:5      | Entered Level 5 of the Dungeon
  2543 | D:5      | Noticed an ice beast
  2558 | D:5      | Killed an ice beast
  2558 | D:5      | Reached skill level 6 in Fighting
  2558 | D:5      | Reached XP level 6. HP: 68/68 MP: 6/6
  2575 | D:5      | Reached *** piety under Trog
  2586 | D:5      | Reached skill level 7 in Fighting
  2697 | D:5      | Noticed Eustachio
  2720 | D:5      | Killed Eustachio
  2720 | D:5      | Reached skill level 5 in Dodging
  2720 | D:5      | Reached XP level 7. HP: 78/78 MP: 7/7
  2810 | D:5      | Reached skill level 8 in Fighting
  2888 | D:5      | Noticed Ijyb
  2901 | D:5      | Reached XP level 8. HP: 39/89 MP: 8/8
  2913 | D:5      | Killed Ijyb
  3023 | D:5      | Noticed Sigmund
  3039 | D:5      | Killed Sigmund
  3039 | D:5      | Reached skill level 9 in Fighting
  3144 | D:5      | Found Seuviuna's Magic Scroll Emporium.
  3198 | D:4      | Found Huneruz's Gadget Shoppe.
  3219 | D:4      | Noticed Purgy
  3233 | D:4      | Killed Purgy
  3540 | D:3      | Reached skill level 1 in Polearms
  3758 | D:4      | Found Utwo's Book Emporium.
  3816 | D:4      | Found a broken altar of Ashenzari.
  3855 | D:4      | HP: 2/92 [gnoll/+0 spear (4)]
  3856 | D:4      | Slain by a gnoll

Illustrated notes

Levels and vault maps discovered:
D:1:      erik_arrival_cave_to_civilisation [erik_arrival_cave_to_hall],
          layout_rooms
D:2:      minmay_chambers_of_ones, layout_basic, tgw_trog,
          grunt_temple_overflow_open, minmay_misc_feat_diagonals,
          hangedman_ru_absence
D:3:      minmay_diamond_boxcup, layout_rooms, nicolae_overflow_crystal_walls
D:4:      layout_rooms, ashenzari_conservatory_becter, serial_shops,
          nicolae_shop_crystal, shop, st_stairs_9, uniq_purgy
D:5:      layout_basic, minmay_temple_entry_stoned_glass, serial_shops, shop,
          uniq_sigmund, uniq_eustachio, uniq_ijyb

Skill      XL: |  1  2  3  4  5  6  7  8 |
---------------+-------------------------+-----
Dodging        | 3 4 5 6 7 |  7.2
Fighting       | 5 6 7 8 9 |  9.5
Polearms       | 1 |  1.7
Short Blades   | |  0.8
Axes           | |  3.8

Action                   |  1- 3 |  4- 6 |  7- 9 || total
-------------------------+-------+-------+-------++-------
Melee: Hand axe          |    43 |       |       ||    43
       Short sword       |    44 |   139 |    66 ||   249
       Scythe            |       |       |    70 ||    70
Invok: Berserk           |       |     2 |     3 ||     5
       Trog's Hand       |       |       |     2 ||     2
  Use: Scroll            |       |     1 |     2 ||     3
Armor: Animal skin       |    30 |    66 |    46 ||   142
Dodge: Dodged            |    59 |    68 |   139 ||   266

Table legend: (Time is in decaauts)
 A = Elapsed time spent in this place.
 B = Non-inter-level travel time spent in this place.
 C = Inter-level travel time spent in this place.
 D = Time resting spent in this place.
 E = Time spent auto-exploring this place.
 F = Levels seen in this place.
 G = Mean time per level.
                   A        B        C        D        E       F      G
               +--------+--------+--------+--------+--------+-----+--------+
         Total |   3971 |   3832 |    139 |      0 |   2510 |   5 |  794.2 |
       Dungeon |   3971 |   3832 |    139 |      0 |   2510 |   5 |  794.2 |
               +--------+--------+--------+--------+--------+-----+--------+

Top non-repeatable levels by time:
     D:2: 1078 daAuts
     D:3: 971 daAuts
     D:1: 813 daAuts
     D:5: 688 daAuts
     D:4: 419 daAuts
